Description

Standard Blink Opener into Colossus Storm

Zest's standard build order in a match vs Dream. Focus on just trying to get blink for early defense then AOE damage.

VOD

https://www.youtube.com/watch?v=FzoEcCD5ibE

Replay - 2020-04-27 - (T)Dream VS (P)Zest

Build Order

Get SALT Encoding   

  12  0:00  Probe  
  13  0:12  Probe  
  14  0:17  Pylon  
  14  0:24  Probe (Chrono Boost)  
  15  0:37  Probe (Chrono Boost), Gateway  
  16  0:45  Probe (Chrono Boost)  
  16  0:46  Assimilator  
  17  0:51  Probe  
  18  1:03  Probe  
  19  1:15  Probe  
  20  1:24  Cybernetics Core  
  20  1:32  Nexus  
  20  1:36  Probe  
  21  1:42  Pylon  
  21  1:48  Probe  
  21  1:51  Assimilator  
  22  1:57  Adept (Chrono Boost)  
  22  2:00  Probe  
  25  2:03  Warp Gate  
  25  2:12  Probe  
  26  2:20  Stalker  
  28  2:24  Probe  
  29  2:37  Probe (Chrono Boost), Twilight Council  
  30  2:46  Probe (Chrono Boost)  
  32  2:54  Gateway  
  32  2:55  Probe x2 (Chrono Boost)  
  33  3:01  Stalker  
  33  3:02  Probe x2 (Chrono Boost)  
  37  3:06  Blink (Chrono Boost)  
  37  3:13  Probe x2  
  39  3:25  Probe x2  
  41  3:28  Robotics Facility  
  41  3:37  Probe x2  
  41  3:39  Pylon  
  43  3:49  Probe x2  
  45  3:56  Nexus  
  45  3:59  Sentry  
  45  4:01  Probe x2, Stalker  
  50  4:09  Pylon  
  51  4:13  Probe x2  
  51  4:14  Assimilator  
  53  4:17  Observer  
  54  4:27  Probe  
  54  4:30  Stalker x2  
  59  4:33  Probe  
  53  4:39  Probe (Chrono Boost)  
  53  4:43  Observer  
  55  4:48  Forge  
  55  4:50  Probe x2 (Chrono Boost)  
  57  4:58  Pylon, Probe x2 (Chrono Boost)  
  59  5:02  Charge  
  59  5:04  Observer  
  61  5:07  Probe x3 (Chrono Boost)  
  61  5:08  Protoss Ground Weapons Level 1 (Chrono Boost)  
  61  5:11  Observer  
  63  5:19  Gateway x3  
  63  5:20  Probe x3 (Chrono Boost)  
  66  5:25  Probe x2 (Chrono Boost)  
  68  5:30  Observer  
  68  5:34  Warp Prism (Chrono Boost)  
  70  5:41  Pylon, Sentry x2  
  74  5:44  Observer, Gateway x2  
  74  5:49  Gateway  
  74  6:03  Pylon  
  74  6:14  Stalker x5  
  84  6:21  Probe x3, Immortal (Chrono Boost)  
  91  6:44  Zealot x4  
  99  6:53  Stalker x2  
  101  7:03  Protoss Ground Armor Level 1 (Chrono Boost)  
  101  7:11  Pylon x3  
  101  7:19  Probe x3  
  101  7:21  Pylon x2  
  98  7:26  Assimilator x2  
  98  7:29  Immortal (Chrono Boost)  
  102  7:30  Pylon  
  102  7:31  Zealot x3  
  102  7:33  Colossus (Chrono Boost)  
  108  7:42  Zealot x5  
  108  7:44  Probe x3  
  120  7:48  Templar Archives  
  120  7:50  Pylon x2  
  121  7:55  Zealot x3  
  121  7:56  Probe  
  128  8:03  Zealot x5  
  128  8:04  Immortal (Chrono Boost)  
  132  8:13  Observer  
  132  8:16  Pylon  
  124  8:20  Zealot x3  
  124  8:25  Stalker x3  
  128  8:32  Stalker  
  130  8:46  Psionic Storm  
  120  8:53  Stalker x6  
  132  9:00  Protoss Ground Weapons Level 2 (Chrono Boost)  
  132  9:08  Warp Prism  
  132  9:11  Photon Cannon  
  132  9:12  Shield Battery  
  132  9:13  Pylon  
  134  9:24  Photon Cannon  
  134  9:26  High Templar x2, Observer  
  134  9:29  Assimilator  
  138  9:34  Nexus  
  138  9:36  Pylon  
  138  9:39  Zealot x3  
  138  9:44  High Templar  
  146  9:52  Zealot  
  148  9:58  Gateway  
  148  9:59  Stalker x4  
Spawning Tool Build Advisor. Get it on Overwolf

Analysis

This build is your bread and butter. Everything else you do works off of the foundations you can learn in this build. You won't keep up. You won't even be close to keeping up, but you should get an idea for when things are supposed to happen and what you're missing.

Go to:

Details

  • Created by: Texturace
  • Published on: May 15, 2020
  • Modified on: Jun 15, 2020
  • Patch: 4.11.0
  • Difficulty: Medium
Show
View Real Time Build Order
Export as new Build Order

Comments (0)

There are no comments. Be the first!

Create an account to comment!